Map: Berlingrad LE

Players

MECHatron

  • Race: Terran Terran
  • League: Diamond

Roygogo - Winner!

  • Race: Zerg Zerg
  • League: Diamond

VOD

Have the link to the VOD?

Description

Time

  • Played on: Dec. 23, 2021, 9:46 p.m.
  • Length: 25:37
Show
View Real Time Build Order
Export as new Build Order

MECHatron Terran 

Build Orders: 2 Factory, Reaper Expand 

Get SALT Encoding   

  12  0:03  SCV  
  13  0:15  SCV  
  13  0:20  Supply Depot  
  14  0:27  SCV  
  15  0:42  SCV  
  16  0:47  Refinery  
  16  0:53  Barracks  
  16  1:00  Barracks  
  16  1:03  SCV  
  17  1:15  SCV  
  17  1:27  SCV  
  17  1:28  Refinery  
  19  1:46  Orbital Command  
  18  1:51  Reaper  
  18  1:52  Supply Depot  
  19  2:04  Command Center  
  19  2:29  SCV  
  20  2:34  Marine  
  21  2:41  Factory, SCV  
  21  2:42  Factory  
  22  3:00  Engineering Bay  
  22  3:06  Factory  
  22  3:08  SCV  
  23  3:17  Supply Depot  
  23  3:20  SCV  
  23  3:25  Factory Reactor x2  
  24  3:32  Hellion  
  26  3:46  Hellion  
  28  3:53  Hellion  
  30  3:57  Hellion  
  32  4:07  Hellion  
  34  4:14  Planetary Fortress  
  34  4:25  Hellion x2  
  34  4:26  SCV  
  39  4:38  SCV  
  39  4:44  Command Center  
  40  4:48  Factory Tech Lab  
  40  4:53  SCV x2  
  42  5:03  Hellion  
  42  5:05  SCV x2  
  46  5:17  SCV x2  
  48  5:29  SCV  
  42  5:47  Hellion x3  
  42  5:48  SCV x2  
  50  5:52  Refinery  
  50  6:00  SCV x2  
  50  6:01  Orbital Command  
  52  6:07  Infernal Pre-Igniter  
  52  6:08  Hellion x2  
  52  6:10  Cyclone  
  59  6:12  SCV  
  59  6:16  SCV  
  61  6:20  Supply Depot  
  61  6:24  SCV  
  62  6:26  SCV  
  62  6:27  Supply Depot  
  62  6:28  SCV  
  62  6:29  Hellion x2  
  68  6:37  SCV  
  69  6:41  Refinery  
  69  6:42  SCV x2  
  71  7:04  Cyclone  
  74  7:21  Factory Tech Lab x2  
  74  7:24  SCV x2  
  74  7:26  Factory  
  76  7:30  Command Center  
  76  7:36  Cyclone  
  79  7:45  Cyclone x2  
  79  7:46  Mag-Field Accelerator  
  85  8:05  SCV x2  
  85  8:06  SCV  
  85  8:10  Cyclone  
  83  8:17  Cyclone  
  83  8:18  SCV  
  84  8:24  Starport  
  84  8:28  Starport  
  84  8:34  Factory Tech Lab  
  84  8:41  Cyclone  
  84  8:42  Cyclone  
  90  8:49  Cyclone  
  81  9:12  Cyclone  
  81  9:13  Cyclone  
  81  9:14  Cyclone  
  88  9:20  Starport Tech Lab  
  88  9:27  Starport Tech Lab  
  88  9:29  Cyclone, Planetary Fortress  
  91  9:32  SCV x3  
  91  9:38  Supply Depot  
  94  9:40  Supply Depot  
  94  9:44  Cyclone, SCV x3  
  100  9:57  SCV x2  
  100  9:59  SCV  
  98  10:10  SCV  
  84  10:20  Cyclone x2  
  84  10:21  Cyclone  
  96  10:22  SCV x4  
  100  10:30  Banshee x2  
  100  10:34  SCV x3  
  110  10:37  Hyperflight Rotors  
  110  10:39  Cloaking Field  
  91  10:52  Cyclone  
  93  11:12  Command Center  
  93  11:13  Banshee x2, Command Center  
  93  11:18  Hellion  
  101  11:31  Hellion  
  101  11:40  Hellion  
  101  11:42  Hellion  
  101  11:47  Hellion  
  89  11:53  Hellion  
  88  11:56  Banshee x2  
  88  12:00  Supply Depot  
  88  12:01  Supply Depot  
  94  12:02  Supply Depot  
  98  12:11  Supply Depot  
  98  12:12  Supply Depot  
  98  12:22  Siege Tank x3  
  103  12:35  Planetary Fortress  
  103  12:38  Banshee  
  103  12:39  Banshee  
  99  13:21  Banshee x2, Supply Depot  
  99  13:22  Supply Depot  
  105  13:33  Siege Tank x2  
  105  13:34  Siege Tank  
  117  14:22  Cyclone x4  
  120  15:34  Cyclone x4  
  129  16:04  Planetary Fortress  
  129  16:05  Missile Turret x2  
  129  16:06  Cyclone x3  
  129  16:07  Refinery  
  129  16:08  Refinery  
  138  16:16  Cyclone  
  141  16:19  Command Center  
  124  17:02  Cyclone x2  
  130  17:13  Cyclone  
  130  17:30  Command Center  
  130  17:44  Hellion x3  
  136  17:45  Hellion  
  136  17:46  Command Center  
  138  18:07  Cyclone x2  
  144  18:17  Hellion  
  144  18:19  Cyclone  
  149  18:38  Cyclone  
  152  18:51  Siege Tank x2  
  152  18:52  Siege Tank  
  158  19:20  Cyclone  
  158  19:23  Cyclone  
  158  19:24  Cyclone  
  164  19:30  Siege Tank  
  155  19:52  Cyclone  
  155  19:56  Hellion x2  
  154  20:03  Hellion  
  154  20:04  SCV x2  
  152  20:17  Cyclone x2  
  157  20:34  Cyclone  
  157  20:35  SCV  
  134  21:10  Missile Turret  
  134  21:11  Missile Turret  
  134  21:12  Siege Tank  
  132  21:30  Siege Tank  
  43  23:13  Orbital Command  
  43  23:16  Orbital Command  
  40  23:45  Orbital Command  
  19  24:17  Orbital Command  
  19  24:45  Orbital Command  
Show
View Real Time Build Order
Export as new Build Order

Roygogo Zerg - Winner!

Build Orders: Hatch First 

Get SALT Encoding   

  12  0:04  Drone  
  13  0:15  Overlord  
  13  0:23  Drone  
  14  0:35  Drone x2  
  16  0:39  Drone  
  17  0:54  Hatchery  
  16  1:03  Drone x2  
  18  1:14  Spawning Pool  
  17  1:28  Drone x2  
  17  1:29  Extractor  
  18  1:36  Drone  
  19  1:49  Hatchery  
  18  1:54  Drone  
  18  1:56  Drone  
  20  2:05  Queen  
  22  2:16  Queen  
  22  2:18  Drone  
  22  2:21  Zergling x2  
  26  2:27  Overlord  
  26  2:33  Drone x2  
  28  2:38  Metabolic Boost  
  28  2:46  Drone  
  28  2:47  Drone  
  30  2:58  Drone x2  
  30  2:59  Drone  
  30  3:00  Drone  
  30  3:03  Queen  
  36  3:18  Drone x3  
  36  3:19  Drone  
  40  3:27  Pneumatized Carapace  
  40  3:29  Drone  
  40  3:30  Drone, Overlord  
  42  3:38  Overlord  
  41  3:54  Overlord  
  41  3:55  Overlord  
  41  3:57  Drone  
  41  3:58  Drone x5  
  41  4:01  Queen  
  49  4:05  Queen  
  49  4:06  Overlord  
  49  4:07  Drone x3  
  54  4:13  Roach Warren  
  53  4:22  Drone x5  
  58  4:28  Baneling Nest  
  58  4:29  Drone  
  58  4:30  Drone, Extractor  
  58  4:41  Overlord  
  58  4:44  Drone x2  
  60  4:50  Drone x2, Extractor  
  60  4:51  Overlord  
  60  4:52  Zergling x2  
  62  4:53  Zergling x10  
  62  4:59  Evolution Chamber  
  66  5:13  Queen  
  68  5:24  Roach x5  
  68  5:25  Zergling x4  
  69  5:41  Drone x10  
  76  5:44  Lair  
  76  5:48  Zerg Missile Weapons Level 1  
  76  5:49  Extractor  
  75  5:56  Drone x2  
  77  5:58  Extractor  
  77  6:00  Hatchery  
  75  6:05  Drone  
  75  6:06  Drone  
  75  6:07  Hatchery  
  75  6:09  Spore Crawler  
  75  6:11  Drone  
  76  6:15  Drone x3  
  76  6:16  Drone x3  
  82  6:19  Extractor  
  81  6:28  Drone x2  
  81  6:31  Drone x3, Spore Crawler  
  85  6:36  Spore Crawler  
  85  6:37  Overlord x2  
  85  6:38  Roach  
  85  6:39  Roach x3  
  92  6:43  Glial Reconstitution  
  92  6:50  Drone, Overlord  
  92  6:52  Evolution Chamber  
  92  7:01  Overlord  
  92  7:03  Roach x7  
  92  7:05  Overlord x2  
  92  7:08  Overseer  
  104  7:21  Queen  
  106  7:26  Drone  
  106  7:27  Drone x12  
  119  7:32  Ravager x5  
  124  7:43  Drone x2, Zergling x2  
  130  7:44  Zergling x10  
  130  7:50  Zergling x2  
  130  7:51  Zergling x2  
  127  8:07  Roach x3  
  127  8:08  Overlord x2  
  130  8:25  Overlord x2, Roach x2  
  134  8:31  Infestation Pit  
  134  8:34  Spire  
  132  8:35  Drone x3  
  132  8:36  Drone  
  132  8:37  Drone x2  
  132  8:38  Drone x2  
  132  8:40  Extractor  
  139  8:41  Queen, Extractor  
  140  8:54  Zergling x2  
  130  9:15  Zergling x2  
  130  9:16  Zergling x14  
  138  9:17  Queen  
  138  9:18  Ravager  
  138  9:19  Ravager x2  
  138  9:21  Roach x3  
  138  9:22  Roach x11  
  166  9:25  Hive, Lair  
  166  9:28  Zerg Ground Armor Level 1  
  166  9:29  Zerg Missile Weapons Level 2  
  166  9:36  Overlord x3  
  166  9:40  Overlord  
  166  9:53  Overlord x3  
  166  9:54  Overlord x2  
  160  10:10  Zergling x14  
  160  10:11  Zergling x14  
  166  10:14  Roach  
  166  10:17  Zergling x6  
  166  10:19  Ravager  
  166  10:20  Ravager  
  166  10:21  Baneling x4  
  163  10:22  Baneling  
  163  10:23  Centrifugal Hooks  
  163  10:31  Drone  
  163  10:32  Drone x7  
  159  10:52  Ravager  
  159  11:07  Hatchery  
  158  11:12  Drone x2, Extractor, Hatchery  
  158  11:14  Extractor  
  158  11:16  Drone x5  
  158  11:17  Drone x4  
  167  11:18  Drone x3  
  167  11:19  Extractor, Hatchery  
  167  11:22  Extractor  
  167  11:24  Hatchery  
  165  11:29  Zergling x14  
  165  11:30  Zergling x6  
  168  11:52  Drone x3  
  171  11:57  Baneling x10  
  171  12:02  Ultralisk Cavern  
  171  12:03  Viper x3  
  171  12:04  Viper x2  
  185  12:28  Baneling  
  185  12:29  Baneling x4  
  185  12:42  Spine Crawler  
  181  12:48  Burrow  
  181  12:49  Hatchery  
  180  12:53  Overlord x2  
  179  13:07  Corruptor x5  
  188  13:19  Hydralisk Den  
  187  13:31  Drone x6  
  187  13:32  Drone x2  
  187  13:33  Drone  
  196  13:36  Overlord  
  196  13:37  Overlord  
  192  13:44  Corruptor  
  192  13:45  Corruptor x2  
  181  14:00  Zergling x2  
  181  14:01  Zergling x4  
  184  14:16  Anabolic Synthesis  
  184  14:17  Lurker Den  
  184  14:19  Zerg Ground Armor Level 2, Zerg Missile Weapons Level 3  
  183  14:44  Spore Crawler  
  182  14:46  Spore Crawler  
  182  14:47  Spore Crawler  
  182  14:48  Spore Crawler  
  182  14:49  Drone, Spore Crawler  
  182  14:50  Drone x5  
  182  14:51  Spore Crawler  
  183  14:59  Chitinous Plating  
  183  15:04  Drone, Hatchery  
  183  15:05  Drone x3  
  184  15:09  Spore Crawler  
  178  15:30  Drone  
  178  15:31  Drone x2  
  178  15:32  Overlord x2  
  178  15:33  Hydralisk x2, Hatchery  
  182  15:38  Overlord x2, Hatchery  
  182  15:41  Baneling x5  
  180  15:52  Spore Crawler  
  179  15:59  Hatchery  
  179  16:01  Spore Crawler  
  178  16:16  Hatchery, Extractor  
  176  16:20  Extractor  
  175  16:28  Zerg Flyer Weapons Level 1  
  175  16:30  Spire  
  175  16:31  Spore Crawler  
  130  16:56  Hydralisk  
  130  16:57  Hydralisk x13  
  130  16:58  Hydralisk x2  
  140  17:06  Drone x2  
  140  17:07  Drone x3  
  141  17:13  Queen  
  141  17:14  Queen x2  
  144  17:31  Hydralisk x10  
  144  17:32  Hydralisk x5  
  174  17:38  Seismic Spines  
  174  17:46  Muscular Augments  
  174  17:54  Queen  
  176  18:15  Overlord x3  
  176  18:20  Hatchery  
  176  18:23  Hydralisk x8  
  176  18:24  Hydralisk x4  
  199  18:35  Adaptive Talons  
  199  18:40  Spore Crawler  
  197  18:41  Spore Crawler  
  197  18:46  Zergling x2, Spore Crawler  
  197  18:47  Zergling x8  
  199  18:57  Overlord, Grooved Spines  
  199  19:01  Spore Crawler  
  198  19:12  Spore Crawler  
  193  19:17  Queen  
  193  19:35  Drone x3  
  196  19:44  Drone, Hatchery  
  196  19:49  Hatchery  
  167  20:03  Drone x3  
  160  20:07  Lurker  
  160  20:08  Lurker x11  
  160  20:10  Hatchery  
  160  20:14  Zergling x14  
  158  20:36  Zergling x4  
  158  20:38  Ultralisk x3  
  158  20:39  Ultralisk  
  158  20:41  Hatchery  
  179  20:42  Extractor  
  179  20:47  Zergling x2  
  179  20:48  Zergling x18  
  187  21:02  Zergling x8  
  187  21:03  Zergling x2  
  178  21:05  Hydralisk  
  177  21:19  Zergling x2  
  177  21:20  Drone x7  
  185  21:26  Extractor  
  180  21:36  Hatchery  
  174  21:46  Drone x10  
  174  21:47  Drone x3  
  148  22:07  Spine Crawler  
  88  22:29  Hydralisk  
  82  22:30  Hydralisk x11  
  99  22:42  Zergling x8  
  95  22:57  Hatchery  
  94  23:01  Zergling x2  
  94  23:02  Zergling x6  
  81  23:27  Drone x9  
  81  23:32  Overseer  
  81  23:33  Drone  
  81  23:34  Drone x10  
  77  24:23  Baneling  
  71  24:25  Lurker  
  71  24:26  Lurker x6  
  78  25:05  Hatchery  
Tags
 
Add a new tag
Caveats
  • Supply blocks, unpowered buildings, or Contaminate may cause inaccurate times.
  • Supply counts are checked every 10 seconds.